 Dungeon Sprint DCSS version 0.30.1-5-ged363bc7ee (webtiles) character file.

Game seed: 1368568993678495849

128 boopmooplesden the Covered (level 4, -5/66 HPs)
             Began as an Armataur Fighter on Sept 20, 2023.
             Was an Elder of Trog.
             Slain by a gargoyle
             ... wielding a +0 morningstar
              (21 damage)
             ... in the Dungeon (Sprint VII: "The Pits").
             The game lasted 00:01:26 (443 turns).

boopmooplesden the Covered (Armataur Fighter)        Turns: 443, Time: 00:01:27

Health: -5/66      AC: 13    Str: 23    XL:     4   Next: 87%
Magic:  4/4        EV:  4    Int:  9    God:    Trog [****..]
Gold:   0          SH:  5    Dex:  9    Spells: 3/3 levels left

rFire   . . .        o - +2 trident (heavy)
rCold   . . .        c - +0 buckler
rNeg    . . .        p - +2 plate armour
rPois   .            (no helmet)
rElec   .            (no cloak)
rCorr   .            (no gloves)
SInv    .            (no barding)
Will    .....        (no amulet) Stlth
                     (no ring)
HPRegen 0.31/turn    (no ring)
MPRegen 0.09/turn

%: no teleportation, roll
@: berserking, very quick
A: large, rugged brown scales 3, deformed body, armoured tail, roll, long
tongue, awkward tongue
a: Renounce Religion, Berserk, Trog's Hand, Brothers in Arms


You were in the Dungeon.
You worshipped Trog.
Trog was greatly pleased with you.
You visited 1 branch

Inventory:

Hand Weapons
 a - a +0 trident
 k - a +2 trident
 o - a +2 heavy trident (weapon)
Armour
 b - a +0 scale mail
 c - a +0 buckler (worn)
 p - a +2 plate armour (worn)
Scrolls
 j - a scroll of blinking
 m - 5 scrolls of amnesia
 n - a scroll of butterflies
Potions
 d - a potion of might
 e - 6 potions of curing
 f - 6 potions of heal wounds
 g - a potion of haste
 h - 4 potions of magic
 i - 3 potions of berserk rage
 l - 2 potions of invisibility


   Skills:
 + Level 5.4 Fighting
 + Level 3.1 Polearms
 + Level 7.5 Armour
 + Level 0.2 Dodging
 + Level 6.4 Shields


You had 3 spell levels left.
You didn't know any spells.
Your spell library was empty.

Dungeon Overview and Level Annotations

Branches:
Dungeon (1/1)

Altars:
Cheibriados
Dithmenos
Elyvilon
Fedhas
Gozag
Hepliaklqana
Makhleb
Nemelex Xobeh
Okawaru
Qazlal
Ru
Sif Muna
Trog
Vehumet
Wu Jian
Xom
Yredelemnul
Zin
The Shining One
Jiyva
Lugonu


Innate Abilities, Weirdness & Mutations

You are completely covered in rugged brown scales. (AC +3, +7% HP)
Armour fits poorly on your strangely shaped body.
You have a long armoured tail.
You roll when moving toward enemies. (Rampage)
Your long tongue fully drains potion bottles. (2x potion effects)
Your tongue gives you trouble enunciating. (1.5x scroll delay)


Message History

You are no longer berserk.
You are exhausted.
You feel yourself slow down.
You start waiting.
You feel yourself speed up.
You start waiting.
You recover from your berserk rage.
You start waiting.
Done waiting.
As you open the door, it creaks loudly!
A bat comes into view.
The bat hits you but does no damage.
You roll towards the bat!
You hit the bat.
You kill the bat!
Trog accepts your kill. As you open the door, it creaks loudly!
A gargoyle comes into view. It is wielding a +0 morningstar.
A red film seems to cover your vision as you go berserk!
You feel yourself moving faster!
You feel mighty!
The gargoyle hurls a stone arrow at you.
The stone arrow hits you!
You puncture the gargoyle!
The gargoyle is moderately damaged.
The gargoyle hurls a stone arrow at you.
The stone arrow hits you.
You puncture the gargoyle!
The gargoyle is almost destroyed.
The gargoyle hits you with a +0 morningstar.
You barely miss the gargoyle.
The gargoyle is almost destroyed.
The gargoyle hurls a stone arrow at you.
The stone arrow hits you!!
You barely miss the gargoyle.
The gargoyle is almost destroyed.
The gargoyle hits you with a +0 morningstar!!
* * * LOW HITPOINT WARNING * * *
You hit the gargoyle but do no damage.
The gargoyle is almost destroyed.
The gargoyle hits you with a +0 morningstar!!
You die...

#†#..[.))..##.......#
#†###########.......#
#.......# #########
#.......# #...#...#
#..###..#+#
#...#...#.+
#.......#9#
#.......'@#
###########


You could see a gargoyle.

Vanquished Creatures
  A scorpion (D)
  A quasit (D)
  An adder (D)
  A white imp (D)
  An ufetubus (D)
  A bat (D)
  2 endoplasms (D)
  2 giant cockroaches (D)
  A hobgoblin (D)
  3 jackals (D)
  A kobold (D)
  A quokka (D)
  2 ball pythons (D)
  A frilled lizard (D)
19 creatures vanquished.

Notes
Turn   | Place    | Note
-------+----------+-------------------------------------------
     0 | D        | boopmooplesden the Armataur Fighter began the quest for the
                  | Orb.
     0 | D        | Reached XP level 1. HP: 19/19 MP: 1/1
    15 | D        | Reached skill level 4 in Armour
    15 | D        | Reached XP level 2. HP: 27/27 MP: 2/2
    44 | D        | Found a glowing golden altar of the Shining One.
    44 | D        | Found a glowing silver altar of Zin.
    44 | D        | Found a basalt altar of Yredelemnul.
    44 | D        | Found a shimmering altar of Xom.
    44 | D        | Found an ornate altar of the Wu Jian Council.
    44 | D        | Found a bloodstained altar of Trog.
    44 | D        | Found a shimmering blue altar of Sif Muna.
    44 | D        | Found a sacrificial altar of Ru.
    44 | D        | Found a stormy altar of Qazlal.
    44 | D        | Found an iron altar of Okawaru.
    44 | D        | Found a sparkling altar of Nemelex Xobeh.
    44 | D        | Found a burning altar of Makhleb.
    44 | D        | Found a viscous altar of Jiyva.
    44 | D        | Found a hazy altar of Hepliaklqana.
    44 | D        | Found an opulent altar of Gozag.
    44 | D        | Found a blossoming altar of Fedhas.
    44 | D        | Found a white marble altar of Elyvilon.
    44 | D        | Found a shadowy altar of Dithmenos.
    44 | D        | Found a snail-covered altar of Cheibriados.
    46 | D        | Found a radiant altar of Vehumet.
    46 | D        | Found a corrupted altar of Lugonu.
    48 | D        | Became a worshipper of Trog the Wrathful
    60 | D        | Noticed a scorpion
    71 | D        | Killed a scorpion
    72 | D        | Reached skill level 6 in Armour
    72 | D        | Reached skill level 5 in Shields
    72 | D        | Reached XP level 3. HP: 9/36 MP: 3/3
    72 | D        | Reached * piety under Trog
    73 | D        | Reached XP level 4. HP: 11/43 MP: 4/4
   199 | D        | Reached ** piety under Trog
   212 | D        | Reached *** piety under Trog
   281 | D        | Reached skill level 5 in Fighting
   281 | D        | Reached skill level 7 in Armour
   286 | D        | Reached **** piety under Trog
   437 | D        | Noticed a gargoyle
   443 | D        | Slain by a gargoyle

Illustrated notes

Levels and vault maps discovered:
D:        pitsprint [storerooms_1, entrance_room_1, metal_vault_2, armoury_2,
          mini_pit_1, grid_room_1, main_hall_1, silver_pit, the_coven_3,
          the_vestibule_1, steel_vault_2, golden_pit, hallway_of_sentries,
          crystal_vault_2, iron_vault_2, final_vault]

Skill      XL: |  1  2  3  4 |
---------------+-------------+-----
Fighting       | 3 4 5 |  5.4
Armour         | 4 6 7 |  7.5
Shields        | 4 5 6 |  6.4
Polearms       | 2 3 |  3.1
Dodging        | |  0.2

Action                     |  1- 3 |  4- 6 || total
---------------------------+-------+-------++-------
  Melee: Trident           |    17 |    32 ||    49
         Tailslap          |       |     3 ||     3
 Invoke: Berserk           |       |     2 ||     2
 Armour: Scale mail        |     7 |     4 ||    11
         Plate armour      |       |    11 ||    11
  Dodge: Dodged            |     4 |     6 ||    10
  Block: Buckler           |     5 |    10 ||    15
